Map: Oceanborn LE

Players

SubN

  • Race: Zerg Zerg
  • League: Diamond
  • Spawn Location: 5:00

azraiil - Winner!

  • Race: Protoss Protoss
  • League: Diamond
  • Spawn Location: 11:00

VOD

Have the link to the VOD?

Description

Time

  • Played on: Dec. 21, 2023, 10:34 p.m.
  • Length: 12:38
Show
View Real Time Build Order
Export as new Build Order

SubN Zerg 

Build Orders: Hatch First 

Get SALT Encoding   

  12  0:00  Drone  
  13  0:12  Overlord  
  13  0:19  Drone  
  14  0:30  Drone x2  
  16  0:52  Drone  
  16  0:53  Hatchery  
  16  0:54  Drone  
  17  0:57  Drone  
  17  1:01  Extractor  
  17  1:17  Spawning Pool  
  16  1:21  Drone  
  16  1:25  Drone  
  18  1:28  Drone  
  19  1:38  Drone  
  20  1:49  Overlord  
  20  2:02  Drone  
  21  2:22  Drone x3  
  24  2:23  Metabolic Boost, Queen x2  
  24  2:28  Drone  
  24  2:29  Drone  
  30  2:33  Drone  
  31  2:47  Drone x2  
  33  2:58  Queen  
  33  3:04  Hatchery  
  34  3:13  Drone x2  
  34  3:14  Overlord  
  34  3:19  Overlord  
  36  3:25  Lair  
  36  3:35  Roach Warren  
  36  3:37  Queen  
  36  3:38  Evolution Chamber  
  36  3:41  Drone  
  36  3:42  Drone x6  
  43  3:49  Extractor  
  43  3:50  Extractor  
  43  3:55  Overlord  
  41  4:00  Drone x3  
  44  4:08  Zergling x2  
  45  4:13  Drone x4  
  45  4:16  Queen  
  51  4:24  Evolution Chamber  
  51  4:26  Drone x3  
  51  4:30  Queen  
  55  4:33  Drone x4  
  55  4:37  Glial Reconstitution  
  59  4:38  Zerg Missile Weapons Level 1  
  59  4:40  Overlord  
  58  4:55  Zerg Ground Armor Level 1  
  58  5:03  Overlord x3  
  58  5:04  Roach  
  58  5:05  Roach x2  
  64  5:13  Roach  
  64  5:14  Roach x2  
  70  5:15  Overlord  
  68  5:24  Roach  
  68  5:25  Roach x3  
  68  5:30  Roach  
  66  5:37  Roach  
  66  5:38  Roach  
  59  5:43  Roach  
  59  5:44  Roach  
  54  5:56  Roach x2  
  42  6:15  Roach x3  
  42  6:17  Zergling x2  
  42  6:18  Zergling x12  
  55  6:26  Queen  
  57  6:50  Roach  
  57  6:51  Roach x4  
  62  7:03  Roach  
  62  7:04  Roach  
  65  7:13  Queen  
  64  7:28  Roach x4  
  62  7:30  Zergling x2  
  62  7:31  Zergling x4  
  65  7:42  Drone x4  
  58  8:12  Drone x10  
  52  8:23  Zerg Missile Weapons Level 2  
  52  8:26  Drone x3  
  53  8:28  Drone x2  
  53  8:31  Roach  
  57  8:38  Overseer  
  55  8:45  Extractor  
  54  8:50  Drone x3  
  54  8:51  Drone x6  
  63  8:58  Drone  
  64  9:03  Drone x3, Hydralisk Den  
  64  9:06  Overlord  
  64  9:07  Extractor  
  65  9:13  Queen  
  69  9:17  Roach x2  
  71  9:25  Roach x3  
  77  9:31  Roach  
  77  9:32  Roach x3  
  85  9:41  Overlord x3  
  85  9:51  Hydralisk  
  85  9:52  Hydralisk  
  81  10:00  Hydralisk  
  81  10:01  Hydralisk x4  
  82  10:08  Roach  
  82  10:09  Roach x2  
  84  10:17  Hydralisk x2  
  88  10:36  Drone  
  88  10:37  Drone x2, Hatchery  
  90  10:43  Muscular Augments  
  90  10:47  Overseer  
  90  11:02  Drone x2  
  90  11:03  Drone x3  
  95  11:08  Drone x2  
  85  11:33  Hydralisk  
  85  11:34  Hydralisk x2  
  91  11:47  Grooved Spines  
  91  11:51  Queen  
  93  11:57  Drone x2  
  93  11:59  Drone x3  
  100  12:17  Overlord x3  
Show
View Real Time Build Order
Export as new Build Order

azraiil Protoss - Winner!

Build Orders: Nexus First, Zealot Archon 

Get SALT Encoding   

  12  0:01  Probe  
  13  0:13  Probe  
  14  0:20  Pylon  
  14  0:25  Probe  
  15  0:38  Probe (Chrono Boost)  
  16  0:57  Nexus  
  16  1:00  Probe  
  17  1:13  Gateway  
  17  1:15  Probe (Chrono Boost)  
  18  1:26  Assimilator  
  18  1:27  Probe (Chrono Boost)  
  19  1:34  Probe (Chrono Boost)  
  19  1:36  Assimilator  
  20  1:41  Probe  
  20  1:43  Pylon  
  21  1:54  Probe  
  22  1:58  Gateway  
  22  2:08  Cybernetics Core  
  22  2:11  Zealot (Chrono Boost)  
  24  2:16  Probe  
  24  2:22  Probe  
  26  2:29  Probe, Zealot  
  30  2:37  Probe  
  30  2:45  Twilight Council  
  30  2:47  Probe  
  30  2:48  Warp Gate  
  31  2:53  Zealot  
  31  2:56  Probe  
  34  3:02  Zealot  
  36  3:15  Charge (Chrono Boost)  
  36  3:17  Shield Battery  
  36  3:24  Probe  
  36  3:25  Gateway, Probe  
  38  3:32  Gateway  
  38  3:38  Pylon  
  38  3:40  Probe  
  39  4:01  Nexus  
  39  4:03  Zealot  
  39  4:07  Zealot  
  43  4:13  Pylon  
  43  4:15  Probe  
  44  4:18  Probe  
  44  4:23  Assimilator  
  45  4:27  Probe  
  45  4:31  Probe  
  47  4:33  Forge  
  47  4:43  Probe x2  
  49  4:50  Zealot x3  
  55  4:59  Probe x2  
  57  5:01  Templar Archives  
  57  5:07  Assimilator  
  57  5:11  Probe  
  57  5:12  Probe  
  59  5:23  Probe  
  59  5:24  Probe  
  59  5:49  Probe x2  
  61  5:51  Zealot x4  
  61  5:53  Protoss Ground Weapons Level 1  
  65  5:59  Probe  
  65  6:01  Probe x2  
  62  6:06  Gateway  
  62  6:07  Gateway x2  
  62  6:08  Gateway  
  58  6:11  Probe  
  58  6:13  Probe x2  
  61  6:20  Stalker x2  
  61  6:23  Zealot x2  
  61  6:24  Probe  
  71  6:25  Probe x2  
  71  6:28  Shield Battery  
  71  6:31  Shield Battery  
  72  6:37  Probe x3  
  72  6:50  High Templar  
  72  6:51  High Templar  
  76  6:54  Archon  
  68  7:06  Zealot x3  
  68  7:07  Zealot  
  68  7:13  Pylon  
  55  7:16  Pylon  
  55  7:17  Zealot x2  
  55  7:19  Pylon  
  59  7:23  Pylon  
  59  7:29  High Templar x4  
  55  7:31  Zealot x2  
  55  7:33  Archon  
  55  7:34  Archon  
  56  7:37  Probe x2  
  56  7:42  Zealot x2  
  61  7:49  Probe x2  
  51  7:58  Zealot x2  
  51  8:02  Zealot x6  
  57  8:28  Psionic Storm  
  57  8:33  Nexus  
  57  8:41  Pylon  
  57  8:42  High Templar x4  
  57  8:43  Pylon, High Templar x2  
  57  8:45  Zealot x2  
  57  8:47  Archon x2  
  57  8:48  Archon  
  73  8:51  Protoss Ground Weapons Level 2 (Chrono Boost)  
  73  9:02  Dark Shrine  
  73  9:05  Pylon  
  73  9:07  Pylon  
  73  9:08  Zealot x2  
  77  9:10  Pylon  
  77  9:13  Pylon  
  77  9:30  Zealot x5  
  75  10:20  Probe x2  
  77  10:21  Probe  
  78  10:32  Probe x2  
  78  10:34  Probe  
  81  10:38  Nexus  
  81  10:41  Stargate  
  81  10:43  Stargate  
  81  10:44  Dark Templar x5, Probe x2  
  81  10:47  Stargate  
  81  10:49  Stargate  
  94  10:50  Probe  
  94  10:56  Probe x2  
  96  10:57  Pylon  
  96  11:00  Pylon  
  96  11:01  Shield Battery  
  96  11:02  Probe  
  96  11:03  Shield Battery  
  97  11:05  Zealot x2  
  97  11:07  Zealot  
  97  11:08  Probe, Assimilator  
  104  11:12  Assimilator  
  98  11:36  Probe  
  98  11:37  Probe x2  
  97  11:49  Probe x3  
  97  11:51  Gateway  
  97  11:52  Gateway  
  100  11:54  Gateway  
  100  11:56  Shield Battery  
  100  11:59  Shield Battery  
  100  12:01  Probe x3  
  103  12:06  Fleet Beacon  
  103  12:08  High Templar x3  
  103  12:09  Pylon  
  103  12:10  Zealot x2  
  103  12:11  Zealot x2  
  103  12:13  Probe x2  
  117  12:27  Archon  
Tags
 
Add a new tag
Caveats
  • Supply blocks, unpowered buildings, or Contaminate may cause inaccurate times.
  • Supply counts are checked every 10 seconds.